 Dungeon Crawl Stone Soup version 0.20.1-1-g8b1a95d (webtiles) character file.

56 digijack the Ogre Mage (level 3, -5/35 HPs)
             Began as an Ogre Wanderer on Nov 7, 2017.
             Killed by divine providence
             ... invoked by an orc priest
              (9 damage)
             ... on level 3 of the Dungeon.
             The game lasted 00:14:12 (1663 turns).

digijack the Ogre Mage (Ogre Wanderer)              Turns: 1663, Time: 00:14:12

Health: -5/35      AC:  4    Str: 18    XL:     3   Next: 97%
Magic:  2/9        EV:  9    Int: 13    God:
Gold:   111        SH:  0    Dex:  7    Spells: 7/12 levels left

rFire    . . .     SeeInvis .   i - +2 whip (venom)
rCold    . . .     Gourm    .   (no shield)
rNeg     . . .     Faith    +   d - +1 robe
rPois    .         Spirit   .   (helmet restricted)
rElec    .         Reflect  .   (no cloak)
rCorr    .         Harm     .   (gloves unavailable)
MR       .....                  (boots unavailable)
Stlth    +.........             l - amulet of faith
Regen    0.2/turn               (no ring)
MPRegen  0.2/turn               (no ring)

@: very slightly contaminated
A: unfitting armour, tough skin 1
a: no special abilities


You were on level 3 of the Dungeon.
You were not hungry.

You visited 1 branch of the dungeon, and saw 3 of its levels.

You collected 111 gold pieces.

Inventory:

Hand Weapons
 i - a +2 whip of venom (weapon)
Armour
 d - a +1 robe (worn)
Jewellery
 l - an amulet of faith (around neck)
Scrolls
 j - a scroll of remove curse
 k - a scroll of teleportation
Potions
 c - a potion of lignification
Books
 a - a book of Minor Magic

   Spells                             Type                      Level
   a - Magic Dart                     Conjuration                  1
   b - Blink                          Translocation                2
   c - Call Imp                       Summoning                    2
   d - Slow                           Hexes                        2
   e - Conjure Flame                  Conjuration/Fire             3
   f - Mephitic Cloud                 Conjuration/Poison/Air       3
 b - the Collected Works on Contamination

   Spells                             Type                      Level
   a - Sting                          Conjuration/Poison           1
   b - Spider Form                    Transmutation/Poison         3
Comestibles
 f - 2 bread rations
 g - a royal jelly
 h - 2 meat rations


   Skills:
 + Level 1.8 Fighting
 + Level 1.2 Maces & Flails
   Level 1.0 Shields
 + Level 5.3 Spellcasting
 + Level 2.2 Conjurations
   Level 1.0 Translocations
   Level 1.0 Earth Magic
   Level 1.0 Evocations


You had 7 spell levels left.
You knew the following spells:

 Your Spells              Type           Power        Failure   Level  Hunger
a - Sting                 Conj/Pois      #...         12%         1    None
b - Magic Dart            Conj           #...         7%          1    None
c - Mephitic Cloud        Conj/Pois/Air  #.......     36%         3    ###....


Dungeon Overview and Level Annotations

Branches:
Dungeon (3/15)

Altars:


Innate Abilities, Weirdness & Mutations

You are too large for most types of armour.
You have tough skin. (AC +1)


Message History

The orc is engulfed in noxious fumes.
The orc appears confused.
Casting: Sting
Confirm with . or Enter, or press ? or * to list all spells.
You don't have enough magic to cast that spell.
The orc priest mumbles some strange prayers to Beogh against you.
Beogh smites you!
* * * LOW HITPOINT WARNING * * *
A hobgoblin comes into view. It is wielding a club.
You feel a bit more experienced.
A hobgoblin comes into view. It is wielding a club.
A goblin and a hobgoblin come into view.
The goblin shouts!
The hobgoblin shouts!
The goblin unwields an uncursed dagger.
The goblin wields a hunting sling.
The goblin shoots a stone.
The stone hits you.
* * * LOW HITPOINT WARNING * * *
Found a scroll of identify.
You see here a stone.
The orc priest mumbles some strange prayers to Beogh against you.
Beogh smites you!
You die...

#........####o.##..#
####.#.o#### ##).#
........# #.#
####.#..###### .#
##.#.......# .
..#.......# ..
#.#g........ >#
####.#(......#. ##
#....@.........
..g?...#.......#.
###.##.#.......# #
#.#.......#
...g......#
#.#.......#
#.#.....g.# #.
.......


You could see an orc priest, 3 hobgoblins and a goblin.

Vanquished Creatures
  2 adders (D:2)
  An ooze (D:1)
  4 leopard geckos
  An orc (D:3)
  2 bats
  A giant cockroach (D:1)
  3 hobgoblins
  3 jackals (D:2)
  A frilled lizard (D:1)
  4 goblins (D:1)
  3 kobolds
  4 rats
29 creatures vanquished.

Notes
Turn   | Place    | Note
-------+----------+-------------------------------------------
     0 | D:1      | digijack the Ogre Wanderer began the quest for the Orb.
     0 | D:1      | digijack set off with: a book of Minor Magic, the Collected Works on Contamination, a potion of lignification, a +0 robe, a +0 club, a bread ration
     0 | D:1      | Reached XP level 1. HP: 16/16 MP: 6/6
     2 | D:1      | Learned a level 1 spell: Sting
     4 | D:1      | Learned a level 1 spell: Magic Dart
   257 | D:1      | Reached skill level 1 in Fighting
   257 | D:1      | Reached XP level 2. HP: 27/27 MP: 5/7
   272 | D:1      | Reached skill level 5 in Spellcasting
   782 | D:2      | Reached skill level 1 in Maces & Flails
   869 | D:2      | Reached XP level 3. HP: 33/33 MP: 5/9
  1387 | D:2      | Learned a level 3 spell: Mephitic Cloud
  1663 | D:3      | Killed from afar by an orc priest

Skill      XL: |  1  2 |
---------------+-------+-----
Fighting       | 1 |  1.8
Spellcasting   | 5 |  5.3
Conjurations   | 2 |  2.2
Maces & Flails | 1 |  1.2
Shields        | |  1.0
Translocations | |  1.0
Earth Magic    | |  1.0
Evocations     | |  1.0

Action                   || total
-------------------------++-------
Melee: Club              ||    38
       Whip              ||     4
 Cast: Sting             ||    45
       Magic Dart        ||    25
       Mephitic Cloud    ||     2
  Use: Scroll            ||     7
       Potion            ||     4
  Eat: Chunk             ||     2
Armor: Robe              ||    30
Dodge: Dodged            ||    49
